AoeStats
← beneath mariana

Nomad

503344832Analyzed
4v4 RM · 1mo ago on Aug 31, 2026· 36m 23s· 8 players
Game mode
Random Map
Map size
231×231
Population
200
Speed
Normal
Resources
Standard
Victory
Conquest
Starting age
Dark Age
Ending age
Imperial Age
RankedLock teamsTeams togetherTeam positionsShared explorationLock speedFull tech treeHidden civsTurbo modeCheats
Victory
Defeat
🇦🇷 Celts · Argentina
1477
+10
🇨🇳 Vikings · China
1441
+11
🇨🇦 Spanish · Canada
1308
+17
🇨🇳 Mongols · China
1225
+21
🇻🇳 Japanese · Vietnam
1381
-17
🇨🇳 Vietnamese · China
1350
-15
🇮🇳 Persians · India
1314
-14
🇨🇳 Berbers · China
1277
-12
TwT
4:08 Loom
13:23 Feudal Age
19:50 Castle Age
18:36 Double-Bit Axe
21:07 Medium Warships
22:10 Wheelbarrow
27:11 Horse Collar
29:41 Ballistics
30:23 Fletching
30:33 Padded Archer Armor
This is Kawaii
4:46 Loom
13:21 Feudal Age
18:34 Castle Age
16:32 Gold Mining
17:03 Man-at-Arms
19:00 Man-at-Arms
19:26 Gambesons
21:58 Scale Mail Armor
21:46 Long Swordsman
27:49 Double-Bit Axe
28:10 Elite Skirmisher
28:43 Fletching
30:07 Chain Mail Armor
30:23 Bodkin Arrow
31:35 Ballistics
Salkeliet
4:54 Loom
14:13 Feudal Age
18:40 Castle Age
17:48 Double-Bit Axe
19:57 Bow Saw
19:39 Fletching
20:51 Bodkin Arrow
24:09 Padded Archer Armor
26:43 Horse Collar
27:56 Ballistics
29:38 Wheelbarrow
36:16 Imperial Age
35:42 Kasbah
Vu_PY
6:31 Loom
13:52 Feudal Age
18:33 Castle Age
16:46 Double-Bit Axe
17:17 Fishing Lines
18:24 Horse Collar
24:10 Husbandry
24:52 Bloodlines
26:01 Wheelbarrow
25:58 Scale Barding Armor
25:43 Town Watch
27:15 Chain Barding Armor
28:22 Gold Mining
31:29 Gillnets
31:34 Fletching
32:24 Forging
34:53 Imperial Age
33:22 Heavy Plow
34:42 Capped Ram
35:58 Plate Barding Armor
34:46 Cavalier
CSA_HW_Mercer
4:25 Loom
12:20 Feudal Age
16:54 Castle Age
15:30 Double-Bit Axe
17:22 Gold Mining
17:58 Horse Collar
25:17 Bow Saw
25:29 Heavy Plow
27:10 Wheelbarrow
26:38 Town Watch
27:05 Padded Archer Armor
27:35 Fletching
33:37 Imperial Age
31:35 Hand Cart
31:58 Leather Archer Armor
32:16 Bodkin Arrow
35:53 Two-Man Saw
35:20 Conscription
35:37 Ring Archer Armor
35:48 Bracer
36:15 Scale Barding Armor
35:38 Light Cavalry
36:38 Bloodlines
Chim cu đi tắm
12:05 Feudal Age
12:42 Double-Bit Axe
16:10 Loom
19:01 Castle Age
19:57 Bow Saw
19:29 Horse Collar
20:45 Medium Warships
22:34 Heavy Plow
26:25 Fishing Lines
27:57 Wheelbarrow
27:39 Gillnets
31:27 Stone Mining
32:18 Scale Mail Armor
32:28 Forging
33:35 Gold Mining
34:20 Stone Shaft Mining
36:02 Gold Shaft Mining
38:24 Imperial Age
beneath mariana
4:32 Loom
4:53 Loom
14:10 Feudal Age
18:16 Castle Age
16:24 Fishing Lines
17:30 Double-Bit Axe
17:37 Gold Mining
17:52 Stone Mining
18:20 Fletching
19:04 Bodkin Arrow
22:00 Bow Saw
21:44 Horse Collar
24:04 Gillnets
25:15 Gold Shaft Mining
30:07 Imperial Age
28:17 Scale Mail Armor
28:27 Forging
29:26 Squires
30:52 Bracer
31:26 Conscription
32:04 Chain Mail Armor
32:54 Iron Casting
33:24 Plate Mail Armor
33:23 Town Watch
35:11 Blast Furnace
36:11 Chieftains
36:12 Man-at-Arms
36:37 Gambesons
村头小流氓
8:03 Loom
14:17 Feudal Age
18:03 Castle Age
19:53 Double-Bit Axe
22:53 Fletching
26:45 Wheelbarrow
26:34 Horse Collar
28:33 Fishing Lines
30:56 Gold Mining
35:32 Imperial Age
33:19 Padded Archer Armor
33:38 Stone Mining
34:24 Gold Shaft Mining
34:05 Bow Saw
34:20 Leather Archer Armor
35:01 Gillnets
35:46 Bloodlines
35:37 Husbandry
35:36 Bodkin Arrow
37:08 Parthian Tactics
37:47 Chemistry
Connection lost

Rejoining the realm…

Still unreachable

The connection could not be restored.

Session expired

The server has moved on; the page needs a fresh start.